 Dungeon Crawl Stone Soup version 0.31-a0-277-g31ea1f65cc (webtiles) character file.

Game seed: 835239531596386886

830 porpoise the Skirmisher (level 7, -1/44 HPs)
             Began as a Tengu Hunter on July 16, 2023.
             Was an Initiate of Hepliaklqana.
             Slain by an orc warrior
             ... wielding a +0 scimitar
              (2 damage)
             ... on level 5 of the Dungeon.
             The game lasted 00:09:09 (4406 turns).

porpoise the Skirmisher (Tengu Hunter)              Turns: 4406, Time: 00:09:10

Health: -1/44      AC:  4    Str: 11    XL:     7   Next: 97%
Magic:  8/8        EV: 14    Int:  9    God:    Hepliaklqana [......]
Gold:   392        SH:  5    Dex: 20    Spells: 6/6 levels left

rFire   . . .        a - +0 shortbow
rCold   . . .        (shield currently unavailable)
rNeg    . . .        c - +0 leather armour
rPois   .            (helmet restricted)
rElec   .            k - +0 cloak
rCorr   .            (no gloves)
SInv    .            (boots unavailable)
Will    .....        o - amulet of reflection
Stlth   ++           (no ring)
HPRegen 0.27/turn    (no ring)
MPRegen 0.11/turn

%: reflection
@: flying quickly and evasively, quick
A: beak, talons 3, nimble flight
a: Renounce Religion


You were on level 5 of the Dungeon.
You worshipped Hepliaklqana.
Hepliaklqana was noncommittal.
You visited 2 branches of the dungeon, and saw 6 of its levels.

You collected 392 gold pieces.

Inventory:

Hand Weapons
 a - a +0 shortbow (weapon)
 b - a +1 dagger of draining
 z - the +4 hammer "Palelo" {freeze, Contam rF++}
   (You found it on level 5 of the Dungeon)

   rF:        It greatly protects you from fire.
   Contam:    It causes magical contamination when unequipped.
Missiles
 e - 6 poisoned darts
 l - 4 throwing nets
 q - 3 boomerangs
 s - 6 datura-tipped darts
Armour
 c - a +0 leather armour (worn)
 k - a +0 cloak (worn)
Magical Staves
 x - a staff of cold
Jewellery
 o - an amulet of reflection (around neck)
Wands
 v - a wand of flame (16)
 y - a wand of paralysis (8)
Scrolls
 d - a scroll of butterflies
 i - a scroll of immolation {unknown}
 j - a scroll of revelation {unknown}
 m - a scroll of amnesia {unknown}
 n - a scroll of teleportation
 p - 2 scrolls of noise
 t - a scroll of silence {unknown}
 w - a scroll of enchant weapon {unknown}
Potions
 f - a potion of heal wounds
 g - a potion of attraction
 h - a potion of mutation
 r - 2 potions of curing
 u - 2 potions of might


   Skills:
 + Level 5.3 Fighting
 * Level 8.9 Ranged Weapons
 - Level 2.1 Dodging
 - Level 1.0 Stealth


You had 6 spell levels left.
You didn't know any spells.
Your spell library was empty.

Dungeon Overview and Level Annotations

Branches:
Dungeon (5/15)             Temple (1/1) D:5

Altars:
Dithmenos
Elyvilon
Fedhas
Gozag
Hepliaklqana
Kikubaaqudgha
Makhleb
Nemelex Xobeh
Okawaru
Sif Muna
Trog
Vehumet
Wu Jian
Xom
Yredelemnul
The Shining One


Innate Abilities, Weirdness & Mutations

You have a beak for a mouth.
You have claws for feet.
Your magical nature lets you fly swiftly and evasively.


Message History

The orc warrior barely misses you.
You shoot an arrow.
The arrow hits the orc warrior but does no damage.
The orc warrior hits you with a +0 scimitar.
You shoot an arrow. The arrow hits the orc warrior.
The orc warrior is lightly wounded.
The orc warrior hits you with a +0 scimitar.
You shoot an arrow. The arrow hits the orc warrior.
The orc warrior is lightly wounded.
The orc warrior barely misses you.
You shoot an arrow.
The arrow hits the orc warrior but does no damage.
The orc warrior is lightly wounded.
The orc warrior barely misses you.
You shoot an arrow.
The arrow hits the orc warrior but does no damage.
The orc warrior is lightly wounded.
You block the orc warrior's attack.
You shoot an arrow.
The arrow closely misses the orc warrior.
The arrow barely misses the adder.
The orc warrior hits you with a +0 scimitar!!
You shoot an arrow.
The arrow hits the orc warrior but does no damage.
The orc warrior is lightly wounded.
You block the orc warrior's attack.
You shoot an arrow.
The arrow hits the orc warrior but does no damage.
The orc warrior is lightly wounded.
The orc warrior misses you.
You shoot an arrow. The arrow hits the orc warrior!
The orc warrior is moderately wounded.
The orc warrior hits you with a +0 scimitar!
* * * LOW HITPOINT WARNING * * *
You shoot an arrow.
The arrow closely misses the orc warrior.
The arrow hits the adder.
The adder is moderately wounded.
The orc warrior hits you with a +0 scimitar.
You die...

#).)##
#.#
#))))#
#.#
##..##
#.#
♣))))♣
#.#
♣♣)..♣
#.#
♣♣.♣♣
#.#
♣♣.♣
#.#
♣.♣♣
#.#
♣♣.♣
#@#
♣.♣♣
#o#
##)##
#S#
#...#
#.#
#...#
#.#
#)..#
#)#
#####
#.#
...


You could see an orc warrior and an adder.

Vanquished Creatures
  A sky beast (D:4)
  A black bear (D:4)
  A phantom (D:4)
  A bullfrog (D:4)
  A howler monkey (D:5)
  Crazy Yiuf (D:5)
  2 hounds
  A gnoll bouda (D:3)
  Jessica (D:3)
  3 iguanas (D:4)
  7 gnolls
  9 adders
  3 worms
  3 dart slugs
  7 orcs
  6 bats (D:1)
  6 endoplasms
  4 giant cockroaches
  7 goblins
  9 hobgoblins
  3 jackals (D:4)
  6 kobolds
  5 quokkas
  8 ball pythons
  3 frilled lizards
  7 rats
106 creatures vanquished.

Notes
Turn   | Place    | Note
-------+----------+-------------------------------------------
     0 | D:1      | porpoise the Tengu Hunter began the quest for the Orb.
     0 | D:1      | Reached XP level 1. HP: 12/12 MP: 2/2
    82 | D:1      | Reached XP level 2. HP: 17/17 MP: 3/3
   144 | D:1      | Found a faded altar of an unknown god.
   254 | D:1      | Reached skill level 5 in Ranged Weapons
   342 | D:1      | Reached XP level 3. HP: 22/22 MP: 4/4
   747 | D:2      | HP: 1/22 [worm (8)]
   839 | D:2      | Found a shimmering altar of Xom.
  1088 | D:2      | Reached XP level 4. HP: 25/27 MP: 5/5
  1288 | D:2      | Reached skill level 6 in Ranged Weapons
  1508 | D:2      | You fall into a shaft and drop 1 floor!
  1583 | D:2      | Gained mutation: Your magical nature lets you fly swiftly
                  | and evasively. [Tengu growth]
  1583 | D:2      | Reached XP level 5. HP: 20/32 MP: 6/6
  2183 | D:3      | Noticed Jessica
  2188 | D:3      | Killed Jessica
  2339 | D:3      | Found an ornate altar of the Wu Jian Council.
  2639 | D:4      | Noticed a black bear
  2640 | D:4      | Reached XP level 6. HP: 29/38 MP: 7/7
  2876 | D:3      | Reached skill level 7 in Ranged Weapons
  2981 | D:4      | Killed a black bear
  3122 | D:4      | Reached XP level 7. HP: 44/44 MP: 8/8
  3139 | D:4      | Reached skill level 8 in Ranged Weapons
  3696 | D:4      | Reached skill level 5 in Fighting
  3879 | D:5      | Entered Level 5 of the Dungeon
  3952 | D:5      | Found a staircase to the Ecumenical Temple.
  4043 | Temple   | Entered the Ecumenical Temple
  4159 | Temple   | Became a worshipper of Hepliaklqana the Forgotten
  4276 | D:5      | Identified the +4 hammer "Palelo" {freeze, Contam rF++}
  4279 | D:5      | Found a runed translucent door.
  4280 | D:5      | Noticed Crazy Yiuf
  4289 | D:5      | Killed Crazy Yiuf
  4405 | D:5      | HP: 1/44 [orc warrior/+0 scimitar (14)]
  4406 | D:5      | Slain by an orc warrior

Illustrated notes

Levels and vault maps discovered:
D:1:      nzn_arrival_water_spiral, layout_loops_ring,
          hellmonk_ecumenical_altar_run_dry, minmay_misc_feat_square,
          nicolae_kite_square_tiling_tiny
D:2:      kennysheep_big_flooded_room, layout_basic, basic_altar
D:3:      layout_basic, amcnicky_altar_gilded, uniq_jessica
D:4:      layout_basic, hangedman_minor_gate_pass
D:5:      lemuel_ice_spiral_2, layout_rooms, minmay_temple_entry_junction,
          uniq_crazy_yiuf_cottage
Temple:   nicolae_temple_bog_church

Skill      XL: |  1  2  3  4  5  6  7 |
---------------+----------------------+-----
Ranged Weapons | 5 6 7 8 |  8.9
Fighting       | 3 4 5 |  5.3
Dodging        | |  2.1
Stealth        | |  1.0

Action                     |  1- 3 |  4- 6 |  7- 9 || total
---------------------------+-------+-------+-------++-------
   Fire: Shortbow          |   103 |   228 |   123 ||   454
    Use: Scroll            |       |     4 |     3 ||     7
 Armour: Leather armour    |    12 |    15 |     8 ||    35
  Dodge: Dodged            |    30 |    72 |    35 ||   137
  Block: Other             |       |    17 |    13 ||    30

Table legend: (Time is in decaauts)
 A = Elapsed time spent in this place.
 B = Non-inter-level travel time spent in this place.
 C = Inter-level travel time spent in this place.
 D = Time resting spent in this place.
 E = Time spent auto-exploring this place.
 F = Levels seen in this place.
 G = Mean time per level.
                   A        B        C        D        E       F      G
               +--------+--------+--------+--------+--------+-----+--------+
         Total |   4274 |   4143 |    131 |   1045 |   2290 |   6 |  712.3 |
       Dungeon |   4155 |   4038 |    117 |   1045 |   2200 |   5 |  831.0 |
        Temple |    119 |    105 |     14 |      0 |     90 |   1 |  119.0 |
               +--------+--------+--------+--------+--------+-----+--------+

Top non-repeatable levels by time:
     D:2: 1190 daAuts
     D:4: 1171 daAuts
     D:3: 798 daAuts
     D:1: 664 daAuts
     D:5: 330 daAuts
  Temple: 119 daAuts
